 Dungeon Crawl Stone Soup version 0.24.0-123-gd5b16e6ec5 (webtiles) character file.

Game seed: 90183797767526700, levelgen mode: deterministic

57 FishyPogo the Stinger (level 4, 0/36 HPs)
             Began as a Naga Venom Mage on Jan 5, 2020.
             Slain by Crazy Yiuf
             ... wielding a +2 quarterstaff of chaos
              (9 damage)
             ... on level 2 of the Dungeon.
             The game lasted 00:04:22 (2079 turns).

FishyPogo the Stinger (Naga Venom Mage)             Turns: 2079, Time: 00:04:22

Health: 0/36       AC:  2    Str: 11    XL:     4   Next: 0%
Magic:  1/7        EV: 10    Int: 16    God:
Gold:   54         SH:  0    Dex: 11    Spells: 1/7 levels left

rFire    . . .     SeeInvis +   f - -2 spear (curse)
rCold    . . .     Gourm    .   (no shield)
rNeg     . . .     Faith    .   a - +0 robe
rPois    +         Spirit   .   (no helmet)
rElec    .         Reflect  .   (no cloak)
rCorr    .         Harm     .   (no gloves)
MR       .....                  (no barding)
Stlth    ++........             (no amulet)
HPRegen  0.12/turn              (no ring)
MPRegen  0.10/turn              (no ring)

@: very slightly contaminated, very slow
A: large, see invisible, deformed body, poison resistance, slowness 2, slow
metabolism 1, spit poison 1, AC +1
a: Spit Poison


You were on level 2 of the Dungeon.
You were hungry.

You visited 1 branch of the dungeon, and saw 2 of its levels.

You collected 54 gold pieces.

Inventory:

Hand Weapons
 e - a +0 spear
 f - a cursed -2 spear (weapon)
Missiles
 k - 27 stones (quivered)
Armour
 a - a +0 robe (worn)
Jewellery
 m - an uncursed ring of ice {unknown}
Scrolls
 b - a scroll of enchant armour {unknown}
 d - 4 scrolls of identify {unknown}
 g - a scroll of fear {unknown}
 h - a scroll of fog {unknown}
 l - a scroll of immolation {unknown}
 o - a scroll of remove curse {unknown}
Potions
 i - a potion of curing {unknown}
 n - a potion of brilliance {unknown}
Comestibles
 c - 4 rations
 j - 2 chunks of flesh


   Skills:
 + Level 0.0 Fighting
 - Level 2.0 Dodging
 + Level 3.7 Stealth
 + Level 2.3 Spellcasting
 * Level 2.2 Conjurations
 + Level 4.4 Poison Magic


You had one spell level left.
You knew the following spells:

 Your Spells              Type           Power        Failure   Level  Hunger
a - Sting                 Conj/Pois      ##..         4%          1    #......
b - Poisonous Vapours     Pois/Air       #.....       12%         2    ###....
c - Mephitic Cloud        Conj/Pois/Air  #.......     24%         3    ###....

Your spell library contained the following spells:

 Spells                   Type           Power        Failure   Level  Hunger
 Olgreb's Toxic Radiance  Pois           ###.....     32%         4    #####..
 Venom Bolt               Conj/Pois      ##........   80%         5    ######.


Dungeon Overview and Level Annotations

Branches:
Dungeon (2/15)

Altars:

Annotations:
D:2 Crazy Yiuf


Innate Abilities, Weirdness & Mutations

You cannot wear boots.
Your serpentine skin is tough. (AC +1)
You have supernaturally acute eyesight. (SInv)
Armour fits poorly on your strangely shaped body.
Your system is resistant to poisons. (rPois)
You cover ground very slowly.
You have a slow metabolism.
You can spit poison.


Message History

Press: ? - help, Shift-Dir - straight line, f/p - Crazy Yiuf
Aim: Crazy Yiuf, wielding a +2 quarterstaff of chaos, wearing a +0 cloak and carrying a wand of digging (3) (moderately wounded, poisoned)
The sting hits Crazy Yiuf.
Crazy Yiuf looks even sicker.
Crazy Yiuf is heavily wounded.
Crazy Yiuf barely misses you.
Crazy Yiuf says, "Tonal!"
Crazy Yiuf zaps a wand.
Some rock shatters into small pieces.
Crazy Yiuf twirls on the spot.
Casting: Sting (safe; 4% risk of failure)
Confirm with . or Enter, or press ? or * to list all spells.
Aiming: Poisonous Vapours (safe; 12% risk of failure)
Press: ? - help, Dir - move target cursor, f/p - Crazy Yiuf
Aim: Crazy Yiuf, wielding a +2 quarterstaff of chaos, wearing a +0 cloak and carrying a wand of digging (2) (heavily wounded, poisoned) Poisonous vapours surround Crazy Yiuf!
Crazy Yiuf is engulfed in poison gas.
Crazy Yiuf looks even sicker.
Crazy Yiuf hits you with a +2 quarterstaff of chaos!
* * * LOW HITPOINT WARNING * * *
Crazy Yiuf grits, "Goldfish verde ena!"
Crazy Yiuf hits you with a +2 quarterstaff of chaos!
You die...

##.##### #.# # ### #.# #
########## #### #.# #
#........## ###..)# #.## #
#.##......####.'...# #..#
######.###......#...#...#
##.# ...............#.#.##
### #..#
######.##########g## #>.# #
#.##### #@## ##.# #
#.....####.##### ######.# ##
########.......###.##.#.###.
#.##.#...............
#.##.#.#######.#####.
#.##...# ###.### #. #.###..#
#.....###. #.###..#
#.....##.. #......#
#.....##..


You could see Crazy Yiuf.

Vanquished Creatures
  An adder (D:2)
  An ooze (D:1)
  A worm (D:2)
  3 leopard geckos
  A giant cockroach (D:2)
  7 goblins
  7 hobgoblins
  2 jackals (D:2)
  2 bats (D:2)
  6 frilled lizards
  2 kobolds (D:2)
  3 rats
36 creatures vanquished.

Vanquished Creatures (others)
  A kobold (D:1)
1 creature vanquished.

Grand Total: 37 creatures vanquished

Notes
Turn   | Place    | Note
-------+----------+-------------------------------------------
     0 | D:1      | FishyPogo the Naga Venom Mage began the quest for the Orb.
     0 | D:1      | Reached XP level 1. HP: 15/15 MP: 3/3
   419 | D:1      | Reached XP level 2. HP: 22/22 MP: 3/5
   423 | D:1      | Learned a level 2 spell: Poisonous Vapours
  1239 | D:2      | Reached XP level 3. HP: 28/28 MP: 4/6
  1244 | D:2      | Learned a level 3 spell: Mephitic Cloud
  2036 | D:2      | Reached XP level 4. HP: 36/36 MP: 7/7
  2067 | D:2      | Found a runed translucent door.
  2068 | D:2      | Noticed Crazy Yiuf
  2079 | D:2      | Slain by Crazy Yiuf

Levels and vault maps discovered:
D:1:      minmay_arrival_radiant_lines, layout_basic, serial_curves,
          eino_curves_01, eino_curves_04, lemuel_old_faithful
D:2:      layout_loops_cross, uniq_crazy_yiuf_cottage

Skill      XL: |  1  2  3 |
---------------+----------+-----
Conjurations   | 2 |  2.2
Dodging        | 2 |  2.0
Stealth        | |  3.7
Spellcasting   | |  2.3
Poison Magic   | |  4.4

Action                   |  1- 3 |  4- 6 || total
-------------------------+-------+-------++-------
Melee: Unarmed           |     4 |       ||     4
       Spear             |    11 |       ||    11
 Cast: Sting             |    40 |     1 ||    41
       Poisonous Vapours |     6 |     2 ||     8
 Abil: Spit Poison       |    15 |     1 ||    16
  Eat: Chunk             |     4 |       ||     4
Armor: Robe              |     3 |       ||     3
Dodge: Dodged            |    18 |     1 ||    19
